 Dungeon Crawl Stone Soup version 0.26-a0-854-gdc81c2f471 (webtiles) character file.

Game seed: 11982731673234835710

571 Gezukamaru the Skirmisher (level 7, -8/63 HPs)
             Began as a Minotaur Berserker on Nov 22, 2020.
             Was a Priest of Trog.
             Blown up by Ijyb (10 damage)
             ... with a disintegration bolt
             ... on level 4 of the Dungeon.
             The game lasted 00:08:22 (2518 turns).

Gezukamaru the Skirmisher (Minotaur Berserker)      Turns: 2518, Time: 00:08:23

Health: -8/63      AC:  8    Str: 24    XL:     7   Next: 11%
Magic:  6/6        EV: 13    Int:  4    God:    Trog [***...]
Gold:   118        SH:  0    Dex:  9    Spells: 6/6 levels left

rFire    . . .     SeeInvis .   a - +1 hand axe
rCold    . . .     Faith    .   (no shield)
rNeg     . . .     Spirit   .   o - +0 ring mail
rPois    .         Reflect  .   m - +1 hat
rElec    .         Harm     .   (no cloak)
rCorr    .         Rampage  .   (no gloves)
MR       .....                  e - +0 pair of boots
Stlth    ..........             (no amulet)
HPRegen  0.20/turn              (no ring)
MPRegen  0.10/turn              (no ring)

@: slowed, very slow
A: retaliatory headbutt, horns 2
a: Berserk, Trog's Hand, Renounce Religion


You were on level 4 of the Dungeon.
You worshipped Trog.
Trog was most pleased with you.
You visited 1 branch of the dungeon, and saw 4 of its levels.

You collected 118 gold pieces.

Inventory:

Hand Weapons
 a - a +1 hand axe (weapon)
Armour
 b - a +0 animal skin
 e - a +0 pair of boots (worn)
 f - a +0 leather armour
 m - a +1 hat (worn)
 o - a +0 ring mail (worn)
 p - a cursed +0 chain mail
Scrolls
 c - a scroll of random uselessness {unknown}
 g - a scroll of remove curse
 i - a scroll of enchant weapon
 k - a scroll of teleportation
 n - a scroll of magic mapping {unknown}
 q - a scroll of noise {unknown}
 s - a scroll of identify {unknown}
Potions
 d - 2 potions of might {unknown}
 h - 3 potions of attraction {unknown}
 j - a potion of heal wounds {unknown}
 l - a potion of brilliance {unknown}
 r - a potion of invisibility {unknown}
 t - a potion of mutation {unknown}


   Skills:
 + Level 6.0 Fighting
 + Level 6.0 Axes
 - Level 4.1 Armour
 + Level 4.9 Dodging


You had 6 spell levels left.
You didn't know any spells.
Your spell library was empty.

Dungeon Overview and Level Annotations

Branches:
Dungeon (4/15)
 Temple: D:4-7

Altars:
Ashenzari
Cheibriados
Gozag
Kikubaaqudgha
Qazlal
Wu Jian
Xom

Annotations:
D:4 Ijyb


Innate Abilities, Weirdness & Mutations

You reflexively headbutt those who attack you in melee.
You have a pair of horns on your head.


Message History

You miss the orc wizard. You headbutt the orc wizard.
You kill the orc wizard!
Trog accepts your kill.
Trog appreciates your killing of a magic user.
You hit the orc but do no damage.
Ijyb zaps a wand.
You are blasted!
Unknown command.
Unknown command.
The phantom blinks!
Ijyb zaps a wand.
You are blasted!
The phantom misses you.
You barely miss the phantom. You headbutt the phantom.
The phantom is lightly damaged.
The phantom closely misses you.
Ijyb zaps a wand.
You are blasted!
* * * LOW HITPOINT WARNING * * *
Unknown command.
The phantom closely misses you.
The orc throws a stone.
The stone hits you but does no damage. The phantom closely misses you.
You see here a stone.
The phantom hits you but does no damage.
Ijyb zaps a wand.
You are blasted!
You die...

# ###.. .
#.##.... ⌠.
........#
###...#
....#.))##......
#..!###.#......
.?...#.).# ..#
#...(o.## ..#
###..oWg##.#
##...@.)..##
#....###.).#
##.### ##†......
#. ......o #(
....... .......
....... .......
.......


You could see a phantom, Ijyb and 2 orcs.

Vanquished Creatures
  3 centaurs
  Blork the orc (D:4)
  2 orc priests (D:4)
  2 orc wizards
  Robin (D:2)
  A gnoll (D:1)
  4 adders
  An ooze (D:4)
  2 dart slugs
  A leopard gecko (D:1)
  6 orcs
  3 giant cockroaches
  16 goblins
  11 hobgoblins
  3 jackals (D:3)
  8 kobolds
  2 quokkas
  2 ball pythons
  13 bats
  5 frilled lizards
  7 rats
94 creatures vanquished.

Notes
Turn   | Place    | Note
-------+----------+-------------------------------------------
     0 | D:1      | Gezukamaru the Minotaur Berserker began the quest for the
                  | Orb.
     0 | D:1      | Reached XP level 1. HP: 19/19 MP: 0/0
   241 | D:1      | Reached XP level 2. HP: 27/27 MP: 1/1
   602 | D:1      | Reached XP level 3. HP: 33/33 MP: 2/2
   919 | D:2      | Noticed a centaur
   925 | D:2      | Killed a centaur
   925 | D:2      | Reached ** piety under Trog
   926 | D:2      | Reached XP level 4. HP: 34/41 MP: 3/3
   984 | D:2      | Found a broken altar of Ashenzari.
  1112 | D:2      | Identified the +0 helmet "Redux" {rC+ MR++ Regen+ Stlth-}
  1112 | D:2      | Noticed Robin
  1120 | D:2      | Reached XP level 5. HP: 31/47 MP: 4/4
  1121 | D:2      | Killed Robin
  1957 | D:3      | Reached *** piety under Trog
  1958 | D:3      | Reached skill level 5 in Axes
  2064 | D:3      | Found a faded altar of an unknown god.
  2120 | D:3      | Found an ancient bone altar of Kikubaaqudgha.
  2150 | D:3      | Reached skill level 5 in Fighting
  2200 | D:3      | Found a stormy altar of Qazlal.
  2277 | D:3      | Found a bloodstained altar of Trog.
  2280 | D:3      | Found an opulent altar of Gozag.
  2280 | D:3      | Found a shimmering altar of Xom.
  2282 | D:3      | Found a snail-covered altar of Cheibriados.
  2282 | D:3      | Found an ornate altar of the Wu Jian Council.
  2282 | D:3      | Found a shimmering altar of Xom.
  2354 | D:4      | Noticed a centaur
  2363 | D:4      | Killed a centaur
  2364 | D:4      | Reached XP level 6. HP: 43/56 MP: 5/5
  2375 | D:4      | Noticed Blork the orc
  2446 | D:4      | Killed Blork the orc
  2508 | D:4      | Reached XP level 7. HP: 51/62 MP: 6/6
  2509 | D:4      | Noticed Ijyb
  2516 | D:4      | HP: 2/63 [disintegration (28)]
  2518 | D:4      | Blown up by Ijyb

Illustrated notes

Levels and vault maps discovered:
D:1:      kennysheep_arrival_seaside, layout_loops_cross
D:2:      layout_basic, evilmike_ruin_ashenzari, uniq_robin
D:3:      layout_rooms, marbit_many_paths, kiku_gazebo_garden_becter,
          chequers_ecumenical_altar_simple, doesnt_xom_only_xom
D:4:      minmay_chambers_of_threes, layout_cave_pools,
          nicolae_overflow_crystal_walls, minmay_temple_entry_junction,
          minmay_manual_mares, uniq_ijyb, uniq_blork_the_orc, uniq_menkaure

Skill      XL: |  1  2  3  4  5  6  7 |
---------------+----------------------+-----
Fighting       | 4 5 6 |  6.0
Axes           | 4 5 6 |  6.0
Armour         | 3 4 |  4.1
Dodging        | 3 4 |  4.9

Action                   |  1- 3 |  4- 6 |  7- 9 || total
-------------------------+-------+-------+-------++-------
Melee: Hand axe          |    54 |   121 |     7 ||   182
       Headbutt          |     3 |    18 |     4 ||    25
Invok: Berserk           |       |     1 |       ||     1
  Use: Scroll            |       |     3 |       ||     3
Armor: Animal skin       |     4 |       |       ||     4
       Leather armour    |    15 |    13 |       ||    28
       Ring mail         |       |    39 |     3 ||    42
Dodge: Dodged            |    41 |    97 |     8 ||   146

Table legend: (Time is in decaauts)
 A = Elapsed time spent in this place.
 B = Non-inter-level travel time spent in this place.
 C = Inter-level travel time spent in this place.
 D = Time resting spent in this place.
 E = Time spent auto-exploring this place.
 F = Levels seen in this place.
 G = Mean time per level.
                   A        B        C        D        E       F      G
               +--------+--------+--------+--------+--------+-----+--------+
         Total |   2544 |   2414 |    130 |     89 |   1823 |   4 |  636.0 |
       Dungeon |   2544 |   2414 |    130 |     89 |   1823 |   4 |  636.0 |
               +--------+--------+--------+--------+--------+-----+--------+

Top non-repeatable levels by time:
     D:2: 954 daAuts
     D:1: 883 daAuts
     D:3: 527 daAuts
     D:4: 178 daAuts
